 Dungeon Crawl Stone Soup version 0.30-a0-528-g8c47a4955b (webtiles) character file.

Game seed: 15593241100737936799

3385 ryw the Summoner (level 10, -14/74 HPs)
             Began as a Merfolk Summoner on Dec 23, 2022.
             Killed from afar by a steam dragon (16 damage)
             ... with a ball of steam
             ... on level 8 of the Dungeon.
             The game lasted 00:23:38 (9732 turns).

ryw the Summoner (Merfolk Summoner)                 Turns: 9732, Time: 00:23:38

Health: -14/74     AC: 14    Str:  9    XL:     10   Next: 4%
Magic:  16/17      EV: 12    Int: 23    God:
Gold:   411        SH:  5    Dex: 15    Spells: 6/19 levels left

rFire   . . .      SeeInvis .    j - +4 mace (protect)
rCold   + . .      Faith    .    n - +0 buckler
rNeg    + . .      Spirit   .    x - +3 ring mail of the Echidna {Harm rN+ Int+5 Stlth-}
rPois   .          Reflect  .    (no helmet)
rElec   .          Harm     +    e - +2 cloak {Stlth+}
rCorr   .          Rampage  .    r - +0 pair of gloves
Will    .....                    m - +1 pair of boots
Stlth   +                        y - amulet of magic regeneration
HPRegen 0.32/turn                g - ring of protection from cold
MPRegen 0.55/turn                (no ring)

@: no status effects
A: (nimble swimmer 2), mertail
a: no special abilities


You were on level 8 of the Dungeon.
You visited 2 branches of the dungeon, and saw 9 of its levels.

You collected 411 gold pieces.

Inventory:

Hand Weapons
 h - a +2 short sword of draining
 j - a +4 mace of protection (weapon)
 t - a +1 dagger of venom
Missiles
 f - 2 javelins
Armour
 e - a +2 cloak of stealth (worn)
 l - the +0 robe "Kemyz" {rPois Str+4}
   (You took it off an orc priest on level 5 of the Dungeon)

   Str:       It affects your strength (+4).
   rPois:     It protects you from poison.
 m - a +1 pair of boots (worn)
 n - a +0 buckler (worn)
 r - a +0 pair of gloves (worn)
 x - the +3 ring mail of the Echidna (worn) {Harm rN+ Int+5 Stlth-}
   (You found it on level 6 of the Dungeon)

   Int:       It affects your intelligence (+5).
   rN:        It protects you from negative energy.
   Harm:      It increases damage dealt and taken.
   Stlth:     It makes you less stealthy.
Jewellery
 g - a ring of protection from cold (left hand)
 y - an amulet of magic regeneration (around neck)
Scrolls
 a - 2 scrolls of magic mapping
 p - 2 scrolls of poison
 A - 2 scrolls of teleportation
Potions
 b - a potion of magic
 c - 6 potions of curing
 d - a potion of attraction {unknown}
 i - 2 potions of flight
 k - 3 potions of lignification
 o - 2 potions of haste {unknown}
 q - 3 potions of ambrosia
 s - a potion of brilliance {unknown}
 u - a potion of heal wounds {unknown}
 v - 2 potions of degeneration {unknown}
 w - a potion of invisibility
 z - a potion of resistance {unknown}
 B - a potion of might {unknown}


   Skills:
 + Level 5.4 Fighting
 + Level 1.1 Armour
 + Level 7.3 Dodging
 - Level 2.1 Stealth
 + Level 4.1 Shields
 + Level 5.1 Spellcasting
 + Level 4.1 Hexes
 * Level 8.5 Summonings
 + Level 2.9 Air Magic


You had 6 spell levels left.
You knew the following spells:

 Your Spells              Type           Power      Damage    Failure   Level
a - Call Imp              Summ           45%        N/A       1%          2
b - Summon Small Mammal   Summ           100%       N/A       1%          1
c - Call Canine Familiar  Summ           45%        N/A       3%          3
d - Summon Guardian Gole  Hex/Summ       35%        N/A       8%          3
e - Summon Lightning Spi  Summ/Air       32%        N/A       32%         4

Your spell library contained the following spells:

 Spells                   Type           Power      Damage    Failure   Level
 Slow                     Hex            96%        N/A       6%          1
 Confusing Touch          Hex            24%        N/A       19%         3
 Apportation              Tloc           10%        N/A       34%         1
 Sandblast                Erth           10%        2d5       34%         1
 Cigotuvi's Dreadful Rot  Necr/Pois/Air  20%        N/A       34%         2
 Passwall                 Tmut/Erth      4%         N/A       45%         2
 Stone Arrow              Conj/Erth      10%        3d7       71%         3
 Vampiric Draining        Necr           5%         2d6       71%         3
 Dispel Undead            Necr           5%         3d7       98%         4
 Passage of Golubria      Tloc           5%         N/A       98%         4
 Death Channel            Necr           2%         N/A       100%        6
 Disjunction              Tloc           2%         N/A       100%        8
 Infestation              Necr           2%         N/A       100%        8


Dungeon Overview and Level Annotations

Branches:
Dungeon (8/15)             Temple (1/1) D:7
   Lair: D:8-11

Altars:
Ashenzari
Dithmenos
Elyvilon
Kikubaaqudgha
Makhleb
Nemelex Xobeh
Okawaru
Qazlal
Ru
Sif Muna
Trog
Uskayaw
Xom
Yredelemnul
Zin
The Shining One

Shops:
D:2 :   D:6 (

Annotations:
D:4 1 runed translucent door, Crazy Yiuf


Innate Abilities, Weirdness & Mutations

((You are very nimble when in or above water. (Stealth+, EV+, Speed+++)))
Your lower body shifts to a powerful aquatic tail in water.


Message History

Attack!
The steam dragon breathes steam at you.
The ball of steam hits your guardian golem!
Your guardian golem resists.
The ball of steam hits you!!
* * * LOW HITPOINT WARNING * * *
You are engulfed in a cloud of scalding steam.
The steam dragon bites your guardian golem!
The steam dragon claws your guardian golem.
Hit: j) +4 mace (protect)
Press: ? - help, Dir - move target
Okay, then.
Casting: Summon Guardian Golem (dangerous; 8% risk of failure)
Confirm with . or Enter, or press ? or * to list all spells.
A beastly little devil appears in a puff of flame.
Unknown command.
The steam dragon bites your guardian golem but does no damage.
The steam dragon claws your guardian golem but does no damage.
Your crimson imp barely misses the steam dragon.
You are too injured to fight recklessly!
Casting: Call Imp (safe; 1% risk of failure)
Confirm with . or Enter, or press ? or * to list all spells.
Okay, then.
Casting: Call Imp (safe; 1% risk of failure)
Confirm with . or Enter, or press ? or * to list all spells.
The steam dragon breathes steam at you.
The ball of steam hits your guardian golem!
Your guardian golem resists.
The ball of steam hits you!
* * * LOW HITPOINT WARNING * * *
Your guardian golem overheats!
The steam dragon bites your guardian golem but does no damage.
The steam dragon claws your guardian golem but does no damage.
Your crimson imp barely misses the steam dragon.
The steam dragon breathes steam at you.
The ball of steam hits your guardian golem!
Your guardian golem resists.
Flame seeps out of your guardian golem. The ball of steam hits your wolf!
The ball of steam hits you!
You die...

########### #.........#
#.#######.# ####### #.#
#.# #.....########## ##
#.# ##.###.###.5D.D......
.#####.######......#
##.#########
...........##......####§#
#
................@§§h9D5.#
#
######.###.##......######
# # #.##.#.............#
# # #...###...###.####.#
# # ####.#..###...####..
# # ##.#.# #...>.....# .
# #.#.###.######... #
##.#........# #
#.....#####.#


There were no monsters in sight!

Vanquished Creatures
  A sky beast (D:6)
  An ice beast (D:7)
  An ogre (D:6)
  A phantom (D:6)
  A scorpion (D:6)
  2 howler monkeys (D:6)
  4 orc priests
  4 adders
  A white imp (D:6)
  A worm (D:3)
  5 orcs
  An endoplasm (D:2)
  A giant cockroach (D:4)
  5 goblins
  6 hobgoblins
  A jackal (D:2)
  2 kobolds
  3 ball pythons
  A frilled lizard (D:3)
  A rat (D:1)
43 creatures vanquished.

Vanquished Creatures (collateral kills)
  Sigmund (D:2)
  3 yaks (D:8)
  2 water moccasins
  An ice beast (D:6)
  An ogre (D:5)
  A bullfrog (D:7)
  A necrophage (D:6)
  A howler monkey (D:5)
  2 jellies (D:4)
  2 orc priests
  2 iguanas (D:6)
  Robin (D:1)
  3 gnolls (D:3)
  2 adders
  3 worms
  3 dart slugs
  13 orcs
  5 bats
  4 endoplasms
  4 giant cockroaches
  13 goblins
  7 hobgoblins
  3 jackals (D:2)
  4 quokkas
  7 ball pythons
  A frilled lizard (D:2)
  4 kobolds
  4 rats
98 creatures vanquished.

Vanquished Creatures (others)
  6 yaks
  A black bear (D:5)
  An ogre (D:5)
  2 centaurs
  A jelly (D:7)
  A nameless horror (D:5)
  4 gnolls (D:5)
  An orc (D:5)
  A fungus (D:1)
  A plant (D:1)
19 creatures vanquished.

Grand Total: 160 creatures vanquished

Notes
Turn   | Place    | Note
-------+----------+-------------------------------------------
     0 | D:1      | ryw the Merfolk Summoner began the quest for the Orb.
     0 | D:1      | Reached XP level 1. HP: 13/13 MP: 3/3
   210 | D:1      | Reached XP level 2. HP: 20/20 MP: 1/5
   213 | D:1      | Learned a level 2 spell: Call Imp
   464 | D:1      | Found a faded altar of an unknown god.
   717 | D:1      | Reached skill level 1 in Fighting
   776 | D:1      | Reached XP level 3. HP: 26/26 MP: 1/6
   843 | D:1      | Learned a level 3 spell: Call Canine Familiar
  1402 | D:2      | Noticed Robin
  1417 | D:1      | Killed Robin
  1534 | D:2      | Reached XP level 4. HP: 31/32 MP: 1/7
  1777 | D:2      | Noticed Sigmund
  1842 | D:2      | Found Rifref's Book Shoppe.
  2089 | D:2      | Killed Sigmund
  2090 | D:2      | Reached skill level 5 in Summonings
  2090 | D:2      | Reached XP level 5. HP: 39/39 MP: 1/9
  2090 | D:2      | Reached XP level 6. HP: 46/46 MP: 1/10
  2862 | D:2      | Identified 2 scrolls of acquirement
  2862 | D:2      | Acquired a staff of conjuration
  2869 | D:2      | Learned a level 3 spell: Summon Guardian Golem
  2971 | D:2      | Acquired a +2 cloak of stealth
  3077 | D:3      | Got the Compilation of the Crypt
  4142 | D:4      | Found a burning altar of Makhleb.
  4893 | D:4      | Reached skill level 1 in Shields
  4893 | D:4      | Reached XP level 7. HP: 52/52 MP: 8/12
  5031 | D:4      | Found a runed translucent door.
  5032 | D:4      | Noticed Crazy Yiuf
  5391 | D:5      | Entered Level 5 of the Dungeon
  5486 | D:5      | Reached skill level 1 in Hexes
  5486 | D:5      | Reached skill level 6 in Summonings
  5589 | D:5      | Reached skill level 5 in Dodging
  5605 | D:5      | Identified the +0 robe "Kemyz" {rPois Str+4}
  5767 | D:5      | Learned a level 4 spell: Summon Lightning Spire
  6156 | D:5      | Reached XP level 8. HP: 59/59 MP: 11/13
  6582 | D:6      | Reached skill level 1 in Air Magic
  6696 | D:6      | Identified the +3 ring mail of the Echidna {Harm rN+ Int+5
                  | Stlth-}
  6728 | D:6      | Found an iron altar of Okawaru.
  6729 | D:6      | Found a bloodstained altar of Trog.
  6877 | D:6      | Got the Enchiridion on the Jaunt
  6948 | D:6      | Reached skill level 7 in Summonings
  7035 | D:6      | Found Xizib's Antique Weapon Emporium.
  7251 | D:6      | Found a shimmering blue altar of Sif Muna.
  7293 | D:6      | Found a sparkling altar of Nemelex Xobeh.
  7344 | D:6      | Found a stormy altar of Qazlal.
  7805 | D:7      | Found a broken altar of Ashenzari.
  7810 | D:7      | Noticed a yak
  7825 | D:7      | Noticed a yak
  7825 | D:7      | Noticed a yak
  7828 | D:7      | Noticed a yak
  7840 | D:6      | Reached XP level 9. HP: 51/66 MP: 3/15
  8270 | D:7      | Reached skill level 8 in Summonings
  8619 | D:7      | Reached skill level 5 in Fighting
  8856 | D:7      | Found a staircase to the Ecumenical Temple.
  8865 | Temple   | Entered the Ecumenical Temple
  9381 | D:8      | Reached skill level 5 in Spellcasting
  9385 | D:8      | Reached skill level 1 in Armour
  9396 | D:8      | Reached XP level 10. HP: 74/74 MP: 17/17
  9728 | D:8      | HP: 1/74 [something/ball of steam (18)]
  9732 | D:8      | Killed from afar by a steam dragon

Illustrated notes

Levels and vault maps discovered:
D:1:      minmay_arrival_loop, layout_basic,
          shapermc_ecumenical_altar_mp_ritualfount, glass_columns_c,
          amethyst_killhole, st_stairs_2
D:2:      layout_loops_ring, serial_shops, shop, uniq_robin, uniq_sigmund
D:3:      layout_rooms
D:4:      layout_loops_ring, kennysheep_mini, hangedman_decor_opposing,
          minmay_misc_feat_more_columns, chequers_decorated_corner,
          uniq_crazy_yiuf_cottage
D:5:      layout_rooms
D:6:      layout_rooms, mainiacjoe_overflow_alcove_2,
          grunt_temple_overflow_bloody_war, mainiacjoe_overflow_two_lobes,
          serial_shops, nicolae_shop_hallway_stairs
D:7:      layout_layer_cave, ashenzari_conservatory_becter,
          lemuel_temple_firewalk_b, minmay_curled_crystal,
          kennysheep_pointless_box
D:8:      layout_loops_ring
Temple:   hellmonk_temple_forest_ring

Skill      XL: |  1  2  3  4  5  6  7  8  9 |
---------------+----------------------------+-----
Dodging        | 3 4 5 6 7 |  7.3
Fighting       | 1 2 3 4 5 |  5.4
Spellcasting   | 3 4 5 |  5.1
Summonings     | 5 6 7 8 |  8.5
Shields        | 1 2 3 4 |  4.1
Hexes          | 1 3 4 |  4.1
Air Magic      | 1 2 |  2.9
Armour         | 1 |  1.1
Stealth        | |  2.1

Action                   |  1- 3 |  4- 6 |  7- 9 | 10-12 || total
-------------------------+-------+-------+-------+-------++-------
Melee: Dagger            |    18 |       |       |       ||    18
       Short sword       |     7 |    53 |       |       ||    60
       Mace              |       |    24 |    88 |       ||   112
       Punch             |       |     1 |     1 |       ||     2
Throw: Javelin           |       |       |     3 |       ||     3
 Cast: Summon Small Mamm |    37 |    22 |    16 |     1 ||    76
       Call Imp          |    14 |    16 |    19 |     2 ||    51
       Call Canine Famil |     6 |    37 |    32 |     2 ||    77
       Summon Guardian G |       |       |    15 |     2 ||    17
       Summon Lightning  |       |       |     1 |       ||     1
  Use: Scroll            |     1 |     7 |     7 |       ||    15
 Stab: Distracted        |       |     4 |       |       ||     4
       Sleeping          |       |     2 |       |       ||     2
Armor: Robe              |     9 |    21 |    36 |       ||    66
       Ring mail         |       |       |    12 |     2 ||    14
Dodge: Dodged            |    38 |    91 |    72 |     1 ||   202
Block: Buckler           |       |       |    26 |       ||    26

Table legend: (Time is in decaauts)
 A = Elapsed time spent in this place.
 B = Non-inter-level travel time spent in this place.
 C = Inter-level travel time spent in this place.
 D = Time resting spent in this place.
 E = Time spent auto-exploring this place.
 F = Levels seen in this place.
 G = Mean time per level.
                   A        B        C        D        E       F      G
               +--------+--------+--------+--------+--------+-----+--------+
         Total |   9778 |   9350 |    428 |   1339 |   6165 |   9 | 1086.4 |
       Dungeon |   9613 |   9202 |    411 |   1339 |   6027 |   8 | 1201.6 |
        Temple |    164 |    147 |     17 |      0 |    138 |   1 |  164.0 |
               +--------+--------+--------+--------+--------+-----+--------+

Top non-repeatable levels by time:
     D:7: 1616 daAuts
     D:2: 1595 daAuts
     D:1: 1505 daAuts
     D:4: 1485 daAuts
     D:6: 1036 daAuts
     D:5: 962 daAuts
     D:3: 947 daAuts
     D:8: 463 daAuts
  Temple: 164 daAuts
